 Dungeon Crawl Stone Soup version 0.29.1-12-g30fa7ad0bf (webtiles) character file.

Game seed: 16957633574965447034

194 Gabide the Trooper (level 5, -6/42 HPs)
             Began as a Mummy Berserker on Dec 27, 2022.
             Was a Believer of Trog.
             Mangled by an orc warrior
             ... wielding a +0 broad axe
              (14 damage)
             ... on level 4 of the Dungeon.
             The game lasted 00:02:49 (4029 turns).

Gabide the Trooper (Mummy Berserker)                Turns: 4029, Time: 00:02:49

Health: -6/42      AC:  6    Str: 22    XL:     5   Next: 44%
Magic:  5/5        EV: 11    Int:  6    God:    Trog [**....]
Gold:   125        SH:  0    Dex: 12    Spells: 4/4 levels left

rFire   x . .      SeeInvis .     - Unarmed
rCold   + . .      Faith    .   (no shield)
rNeg    + + +      Spirit   .   d - +0 ring mail
rPois   ∞          Reflect  .   (no helmet)
rElec   .          Harm     .   (no cloak)
rCorr   .          Rampage  .   (no gloves)
Will    ++...                   i - +0 pair of boots
Stlth   +.........              (no amulet)
HPRegen 1.14/turn               (no ring)
MPRegen 0.09/turn               (no ring)

@: strong-willed, regenerating
A: cold resistance 1, negative energy resistance 3, torment resistance 2, heat
vulnerability 1, in touch with death 1, no potions
a: Renounce Religion, Trog's Hand


You were on level 4 of the Dungeon.
You worshipped Trog.
Trog was pleased with you.
You visited 1 branch of the dungeon, and saw 4 of its levels.

You collected 125 gold pieces.

Inventory:

Armour
 d - a +0 ring mail (worn)
 i - a +0 pair of boots (worn)
Scrolls
 a - 3 scrolls of identify {unknown}
 c - a scroll of fear {unknown}
 e - a scroll of fog {unknown}
 f - a scroll of vulnerability {unknown}
 g - a scroll of noise {unknown}
 j - a scroll of teleportation {unknown}
 k - a scroll of poison {unknown}
 l - a scroll of enchant weapon {unknown}


   Skills:
 + Level 4.0 Fighting
 - Level 1.5 Armour
 + Level 2.6 Dodging
 * Level 4.0 Unarmed Combat


You had 4 spell levels left.
You didn't know any spells.
Your spell library was empty.

Dungeon Overview and Level Annotations

Branches:
Dungeon (4/15)
 Temple: D:4-7

Altars:


Innate Abilities, Weirdness & Mutations

You are immune to poison.
Your flesh is cold resistant. (rC+)
You are immune to negative energy. (rN+++)
You are immune to unholy pain and torment.
You are vulnerable to heat. (rF-)
You are in touch with the powers of death.
You do not drink.


Message History

Aim: an orc warrior, wielding a +0 arbalest and wearing a +0 chain mail (lightly wounded, entangled in a net, poisoned, 89% to hit)
You throw a poisoned dart. The poisoned dart hits the orc warrior.
The orc warrior is lightly wounded.
The orc warrior struggles against the net.
Throw: 2 darts (poison)
Press: ? - help, Q - select action, (/) - cycle Shift-Dir - straight line, f/p - orc warrior
Aim: an orc warrior, wielding a +0 arbalest and wearing a +0 chain mail (lightly wounded, entangled in a net, poisoned, 89% to hit)
You throw a poisoned dart. The poisoned dart hits the orc warrior.
The orc warrior looks even sicker.
The orc warrior is lightly wounded.
The orc warrior struggles against the net.
Throw: dart (poison)
Press: ? - help, Q - select action, (/) - cycle Shift-Dir - straight line, f/p - orc warrior
Aim: an orc warrior, wielding a +0 arbalest and wearing a +0 chain mail (lightly wounded, entangled in a net, very poisoned, 89% to hit)
You throw a poisoned dart. The poisoned dart hits the orc warrior.
The orc warrior looks even sicker.
The orc warrior is lightly wounded.
The orc warrior struggles against the net.
The net rips apart, and the orc warrior comes free!
Unknown command.
Unknown command.
Your skin crawls.
You feel strong-willed. The hobgoblin closely misses you.
The hobgoblin hits you.
The orc warrior shoots a bolt.
The bolt hits you!
The orc warrior shoots a bolt.
The bolt barely misses you.
The bolt hits the hobgoblin!
The hobgoblin dies!
You see here a hobgoblin corpse.
The orc warrior unwields a +0 arbalest.
The orc warrior wields a +0 broad axe.
The orc warrior hits you with a +0 broad axe!
* * * LOW HITPOINT WARNING * * *
Things that are here:
a +0 short sword; a kobold corpse You hit the orc warrior but do no damage.
The orc warrior is moderately wounded.
You hit the orc warrior.
The orc warrior is moderately wounded.
The orc warrior hits you with a +0 broad axe!
You die...

#.# #..........#....?..# #.#
#..........#.......#
#.#####..###.##..##.....#
######!.........#.##..# #...#
...<....†.....#....#..####'######
.############..........>.........
## #.###......o....#####
#.#######.####### #.!†@o(...#
###########


You could see an orc warrior (very poisoned).

Vanquished Creatures
  A scorpion (D:4)
  An iguana (D:4)
  5 adders (D:3)
  A worm (D:3)
  3 dart slugs
  An orc (D:4)
  5 ball pythons
  4 endoplasms
  2 giant cockroaches
  8 goblins
  7 hobgoblins
  10 kobolds
  A quokka (D:3)
  4 bats
  2 frilled lizards (D:1)
  3 rats
58 creatures vanquished.

Vanquished Creatures (others)
  A hobgoblin (D:4)
  2 fungi (D:2)
  4 plants (D:2)
7 creatures vanquished.

Grand Total: 65 creatures vanquished

Notes
Turn   | Place    | Note
-------+----------+-------------------------------------------
     0 | D:1      | Gabide the Mummy Berserker began the quest for the Orb.
     0 | D:1      | Reached XP level 1. HP: 18/18 MP: 1/1
   227 | D:1      | Reached XP level 2. HP: 15/24 MP: 2/2
  1405 | D:2      | Gained mutation: You are in touch with the powers of death.
                  | [Mummy growth]
  1405 | D:2      | Reached XP level 3. HP: 29/29 MP: 3/3
  2282 | D:3      | Reached ** piety under Trog
  2491 | D:3      | Reached XP level 4. HP: 26/35 MP: 4/4
  3456 | D:4      | Noticed a scorpion
  3464 | D:4      | Killed a scorpion
  3465 | D:4      | Reached XP level 5. HP: 34/42 MP: 5/5
  4001 | D:4      | Noticed an orc warrior
  4029 | D:4      | Mangled by an orc warrior

Illustrated notes

Levels and vault maps discovered:
D:1:      minmay_arrival_open_corners, layout_basic
D:2:      layout_basic, shapermc_ecumenical_altar_mp_urbaneastern,
          minmay_pentomino_q2
D:3:      layout_basic
D:4:      layout_loops_ring, nicolae_zen_rock_garden, kennysheep_small_circle

Skill      XL: |  1  2  3  4  5 |
---------------+----------------+-----
Unarmed Combat | 3 4 |  4.0
Dodging        | 2 |  2.6
Fighting       | 4 |  4.0
Armour         | |  1.5

Action                   |  1- 3 |  4- 6 || total
-------------------------+-------+-------++-------
Melee: Unarmed           |   173 |    85 ||   258
       Punch             |     2 |       ||     2
Throw: Dart              |       |     7 ||     7
       Throwing net      |       |     2 ||     2
Invok: Trog's Hand       |       |     1 ||     1
Armor: Animal skin       |    12 |       ||    12
       Ring mail         |    51 |    18 ||    69
Dodge: Dodged            |   105 |    42 ||   147
